Map: Wolfe Industries Compound

Players

tOmas

  • Race: Protoss Protoss
  • Spawn Location: 12:00

kimag

  • Race: Zerg Zerg
  • League: Gold
  • Spawn Location: 3:00

JohnMcClane - Winner!

  • Race: Protoss Protoss
  • League: Gold
  • Spawn Location: 7:00

Hindulaatti - Winner!

  • Race: Zerg Zerg
  • League: Diamond
  • Spawn Location: 7:00

VOD

Have the link to the VOD?

Description

Time

  • Played on: Feb. 8, 2016, 4:29 p.m.
  • Length: 20:51
Show
View Real Time Build Order
Export as new Build Order

tOmas Protoss 

Build Orders: Phoenix Opening 

Get SALT Encoding   

  12  0:01  Probe (Chrono Boost)  
  13  0:13  Probe (Chrono Boost)  
  14  0:20  Pylon  
  14  0:23  Probe (Chrono Boost)  
  15  0:38  Probe (Chrono Boost)  
  15  0:39  Gateway  
  16  0:49  Probe (Chrono Boost)  
  17  1:00  Probe (Chrono Boost)  
  17  1:01  Assimilator  
  18  1:16  Probe (Chrono Boost)  
  19  1:26  Cybernetics Core  
  19  1:27  Probe (Chrono Boost)  
  19  1:30  Pylon  
  20  1:37  Probe (Chrono Boost)  
  21  1:48  Nexus  
  21  1:53  Zealot (Chrono Boost)  
  23  2:01  Probe  
  24  2:12  Pylon  
  24  2:14  Assimilator, Probe  
  25  2:28  Probe  
  26  2:31  Pylon  
  26  2:37  Stargate  
  26  2:40  Probe  
  27  2:52  Probe  
  28  3:03  Probe  
  28  3:04  Probe  
  30  3:14  Probe  
  30  3:16  Probe  
  30  3:17  Assimilator  
  32  3:23  Phoenix (Chrono Boost)  
  32  3:24  Probe  
  35  3:28  Probe  
  36  3:37  Assimilator  
  36  3:40  Probe  
  37  3:46  Protoss Air Weapons Level 1  
  37  3:53  Phoenix (Chrono Boost)  
  37  3:55  Nexus  
  39  4:07  Probe  
  39  4:09  Probe  
  41  4:19  Probe  
  41  4:21  Probe  
  41  4:23  Pylon  
  43  4:35  Phoenix (Chrono Boost)  
  45  4:57  Phoenix (Chrono Boost)  
  47  5:00  Stargate  
  47  5:04  Probe x2  
  47  5:06  Probe  
  50  5:15  Pylon  
  50  5:16  Forge, Probe x2  
  50  5:17  Probe  
  50  5:18  Phoenix (Chrono Boost)  
  55  5:21  Stargate  
  55  5:27  Probe  
  55  5:28  Probe x2  
  57  5:32  Protoss Air Armor Level 1  
  58  5:37  Assimilator  
  58  5:38  Probe  
  58  5:39  Assimilator  
  58  5:40  Pylon, Probe x2  
  58  5:41  Pylon  
  61  5:43  Pylon  
  61  5:52  Probe  
  61  5:53  Probe  
  61  5:54  Probe  
  64  6:03  Pylon, Probe  
  64  6:04  Probe  
  64  6:05  Pylon  
  64  6:06  Probe  
  64  6:09  Phoenix (Chrono Boost)  
  71  6:13  Phoenix (Chrono Boost)  
  71  6:17  Phoenix (Chrono Boost)  
  73  6:31  Phoenix (Chrono Boost)  
  75  6:35  Probe  
  75  6:36  Probe x2  
  75  6:38  Phoenix (Chrono Boost)  
  82  6:42  Phoenix (Chrono Boost)  
  82  6:44  Photon Cannon  
  82  6:48  Photon Cannon  
  82  6:52  Phoenix (Chrono Boost)  
  86  7:02  Phoenix (Chrono Boost)  
  86  7:04  Probe  
  86  7:05  Probe x2  
  86  7:07  Phoenix (Chrono Boost)  
  91  7:14  Phoenix (Chrono Boost)  
  93  7:17  Probe  
  93  7:20  Photon Cannon  
  94  7:27  Phoenix (Chrono Boost)  
  98  7:32  Phoenix (Chrono Boost)  
  98  7:36  Phoenix (Chrono Boost)  
  100  7:52  Phoenix (Chrono Boost)  
  94  7:59  Phoenix (Chrono Boost)  
  94  8:02  Phoenix (Chrono Boost)  
  98  8:17  Phoenix (Chrono Boost)  
  98  8:20  Phoenix (Chrono Boost)  
  100  8:27  Phoenix (Chrono Boost)  
  96  8:42  Phoenix x2 (Chrono Boost)  
  94  8:52  Phoenix (Chrono Boost)  
  90  9:04  Phoenix (Chrono Boost)  
  90  9:05  Warp Gate  
  90  9:07  Phoenix (Chrono Boost)  
  96  9:17  Phoenix (Chrono Boost)  
  96  9:26  Phoenix (Chrono Boost)  
  93  9:32  Phoenix (Chrono Boost)  
  77  9:42  Phoenix (Chrono Boost)  
  68  9:47  Phoenix (Chrono Boost)  
  70  9:57  Phoenix (Chrono Boost)  
  74  10:07  Phoenix (Chrono Boost)  
  74  10:09  Phoenix (Chrono Boost)  
  76  10:17  Photon Cannon  
  76  10:20  Gateway  
  76  10:22  Gateway  
  76  10:25  Gateway  
  76  10:28  Gateway  
  76  10:32  Phoenix (Chrono Boost)  
  80  10:35  Phoenix (Chrono Boost)  
  80  10:36  Phoenix (Chrono Boost)  
  80  10:55  Phoenix (Chrono Boost)  
  80  11:00  Phoenix (Chrono Boost)  
  80  11:04  Probe  
  81  11:05  Probe  
  81  11:10  Zealot  
  83  11:14  Probe  
  83  11:17  Probe  
  84  11:32  Probe  
  84  11:34  Probe  
  82  11:43  Probe  
  82  11:46  Probe  
  82  11:48  Zealot  
  84  12:10  Nexus  
  83  12:23  Stalker x3  
  87  12:40  Stalker  
  87  12:41  Stalker  
  91  12:50  Pylon  
  91  12:52  Pylon  
  91  12:54  Pylon  
  91  12:57  Phoenix (Chrono Boost)  
  91  12:58  Zealot  
  93  12:59  Phoenix (Chrono Boost), Gateway x2  
  93  13:01  Assimilator  
  93  13:03  Pylon  
  93  13:04  Pylon  
  93  13:06  Assimilator, Pylon  
  93  13:08  Pylon  
  89  13:32  Zealot x4  
  89  13:33  Zealot  
  97  13:37  Twilight Council  
  97  13:39  Pylon  
  97  13:40  Probe x2  
  97  13:41  Pylon  
  97  13:42  Probe  
  100  13:51  Probe x2  
  100  13:54  Probe  
  103  14:01  Nexus  
  103  14:04  Zealot x4  
  103  14:05  Zealot x3  
  117  14:19  Templar Archives  
  117  14:21  Forge  
  116  14:24  Forge  
  116  14:29  Zealot x6  
  116  14:30  Zealot  
  116  14:31  Charge  
  128  14:32  Probe  
  128  14:34  Probe  
  126  15:10  Probe x2  
  126  15:11  Probe  
  129  15:14  High Templar x5  
  129  15:15  High Templar  
  129  15:20  Probe  
  141  15:23  Probe, Photon Cannon  
  141  15:27  Archon x3  
  143  15:32  Protoss Ground Weapons Level 1 (Chrono Boost)  
  143  15:33  Protoss Ground Armor Level 1 (Chrono Boost)  
  144  15:42  Probe  
  144  15:43  Probe x2  
  102  15:54  Probe  
  73  16:01  Zealot x3  
  73  16:02  Zealot x2  
  63  16:11  Probe  
  63  16:16  Probe x3  
  67  16:18  High Templar x2  
  67  16:22  Probe  
  67  16:23  Archon  
  72  16:26  High Templar x3  
  72  16:27  High Templar x2  
  72  16:30  Archon  
  72  16:31  Archon  
  82  16:32  Probe  
  83  16:43  Probe  
  83  16:46  Probe x3  
  87  16:50  Assimilator  
  87  16:55  Assimilator  
  87  16:58  High Templar x2  
  87  17:00  High Templar x2  
  87  17:01  High Templar  
  97  17:03  High Templar  
  97  17:04  Archon x2  
  97  17:07  High Templar  
  101  17:10  Archon  
  101  17:22  Protoss Ground Weapons Level 2 (Chrono Boost)  
  97  17:36  Probe  
  97  17:38  Probe x3  
  97  17:43  Zealot x5  
  97  17:44  Zealot x2  
  115  17:47  Probe  
  115  17:50  Probe x2  
  118  18:03  Nexus  
  118  18:09  Archon  
  118  18:10  Protoss Ground Armor Level 2 (Chrono Boost)  
  118  18:15  Pylon  
  118  18:17  Pylon  
  118  18:20  Fleet Beacon  
  118  18:28  Zealot  
  118  18:29  Zealot x6  
  132  18:40  Photon Cannon  
  132  18:42  Photon Cannon  
  132  18:49  Photon Cannon  
  132  18:53  High Templar  
  132  18:54  High Templar x5  
  119  18:59  Archon x2  
  119  19:00  Archon  
  73  19:11  Zealot  
  73  19:48  Zealot x6  
  47  20:08  Pylon  
  47  20:09  Pylon  
  47  20:11  Pylon  
  47  20:13  High Templar x4  
  55  20:15  Zealot x2  
  55  20:17  Archon x2  
  51  20:29  Zealot  
  49  20:36  Photon Cannon  
  49  20:37  Photon Cannon  
Show
View Real Time Build Order
Export as new Build Order

kimag Zerg 

Build Orders: Hatch First, Lurkers 

Get SALT Encoding   

  12  0:01  Drone  
  13  0:08  Drone  
  14  0:17  Overlord  
  14  0:47  Drone  
  14  0:49  Hatchery  
  14  0:58  Drone  
  14  0:59  Drone x2  
  17  1:15  Spawning Pool  
  16  1:21  Drone, Extractor  
  16  1:42  Drone  
  16  1:43  Drone x2  
  19  2:17  Drone x5  
  19  2:20  Queen x2  
  28  2:26  Spine Crawler  
  28  2:27  Drone  
  28  2:34  Roach Warren  
  28  2:36  Drone  
  28  2:41  Overlord  
  29  2:55  Overlord x2  
  29  2:56  Overlord  
  28  3:06  Drone x2  
  28  3:10  Extractor  
  29  3:25  Roach x4  
  37  3:30  Drone x3  
  37  3:31  Lair  
  40  3:35  Drone x3  
  40  3:38  Drone  
  44  3:42  Drone  
  44  3:47  Ravager  
  46  3:54  Drone x2  
  48  3:57  Extractor  
  48  3:58  Extractor  
  46  4:05  Roach x2  
  46  4:09  Lair  
  50  4:12  Drone  
  50  4:13  Drone x3  
  54  4:18  Drone  
  55  4:25  Drone  
  55  4:26  Drone  
  57  4:37  Ravager x2  
  59  4:50  Hatchery, Overlord x2  
  58  4:59  Evolution Chamber x2  
  56  5:01  Overlord  
  56  5:02  Drone x2, Overlord  
  56  5:03  Drone, Overlord  
  59  5:19  Roach x5  
  69  5:26  Overlord x2  
  69  5:30  Zerg Ground Armor Level 1, Zerg Missile Weapons Level 1  
  69  5:32  Overseer  
  69  5:37  Drone x6  
  69  5:42  Drone x2  
  77  5:50  Roach  
  77  5:52  Ravager x2  
  77  5:56  Drone  
  82  6:01  Drone  
  82  6:03  Drone x2  
  85  6:07  Queen  
  87  6:15  Drone x5, Hydralisk Den  
  91  6:22  Drone, Extractor  
  91  6:28  Drone x2  
  93  6:37  Spore Crawler  
  92  6:41  Spine Crawler  
  92  6:45  Pneumatized Carapace  
  91  6:48  Hydralisk  
  91  6:49  Hydralisk x7  
  91  6:50  Hydralisk  
  109  6:59  Hydralisk x2  
  113  7:06  Overlord  
  113  7:07  Overlord x3  
  113  7:17  Overlord x2  
  113  7:18  Extractor  
  112  7:27  Spire  
  112  7:28  Roach x3  
  112  7:29  Roach x5  
  122  7:43  Roach x4  
  91  7:53  Roach x2  
  97  7:58  Roach x4  
  97  7:59  Roach  
  98  8:11  Roach x2  
  98  8:12  Roach  
  104  8:19  Ravager x4  
  108  8:28  Hydralisk x3  
  114  8:34  Roach  
  114  8:35  Roach x2  
  114  8:41  Hydralisk x2  
  124  8:48  Extractor  
  124  8:50  Roach  
  124  8:51  Roach x4  
  133  9:03  Overlord x2  
  133  9:15  Roach x5  
  133  9:16  Roach  
  145  9:22  Hydralisk  
  145  9:23  Hydralisk x4  
  140  9:40  Roach x3  
  140  9:41  Roach  
  144  9:47  Roach x2  
  121  9:56  Roach x3  
  105  10:00  Hydralisk  
  88  10:07  Roach x2  
  88  10:13  Hydralisk x2  
  90  10:16  Hydralisk  
  90  10:18  Queen x2  
  96  10:25  Roach x2  
  91  10:29  Roach  
  91  10:32  Hydralisk  
  83  10:37  Roach x2  
  83  10:41  Zerg Missile Weapons Level 2  
  76  10:43  Roach  
  76  10:49  Hydralisk x5  
  74  10:53  Hydralisk  
  70  11:00  Hydralisk  
  70  11:01  Hydralisk  
  70  11:05  Hydralisk  
  62  11:19  Roach x3  
  62  11:24  Roach x3  
  62  11:25  Roach x2  
  76  11:29  Lurker Den  
  76  11:33  Zergling x10  
  76  11:38  Zergling x2  
  82  11:46  Roach  
  82  11:47  Roach x2  
  84  11:55  Roach  
  84  11:56  Roach x3  
  85  12:12  Roach x6  
  83  12:21  Hydralisk x4  
  77  12:26  Hydralisk  
  73  12:34  Hydralisk  
  73  12:36  Ravager  
  72  12:47  Roach x3  
  76  12:55  Roach x3  
  76  12:56  Roach x3  
  88  13:00  Ravager  
  89  13:10  Lurker  
  90  13:18  Lurker  
  91  13:37  Hydralisk x3  
  97  13:59  Lurker x2  
  97  14:00  Lurker  
  100  14:12  Drone  
  101  14:59  Hatchery  
  100  15:11  Ravager x4  
  95  15:59  Roach x4  
  95  16:00  Roach  
  77  16:14  Roach  
  79  16:20  Extractor  
  78  16:46  Roach  
  94  16:47  Roach x7  
  94  16:55  Hydralisk  
  96  17:15  Roach  
  98  17:17  Ravager x2  
  100  17:40  Overseer  
  100  17:50  Hydralisk x3, Lurker  
  100  17:51  Hydralisk x3  
  113  18:00  Roach x2  
  111  18:52  Hatchery  
  97  19:09  Hydralisk x2  
  95  19:13  Lurker  
  96  19:24  Zergling x2  
  77  19:54  Hydralisk  
  79  20:12  Extractor  
  79  20:13  Roach  
  79  20:14  Extractor  
Show
View Real Time Build Order
Export as new Build Order

JohnMcClane Protoss - Winner!

Build Orders:  

Get SALT Encoding   

  12  0:01  Probe (Chrono Boost)  
  13  0:11  Probe (Chrono Boost)  
  14  0:18  Pylon  
  14  0:22  Probe (Chrono Boost)  
  15  0:39  Probe (Chrono Boost), Gateway  
  17  0:50  Probe (Chrono Boost)  
  17  0:54  Assimilator  
  17  1:00  Probe (Chrono Boost)  
  18  1:11  Probe (Chrono Boost)  
  19  1:15  Assimilator  
  19  1:21  Pylon  
  19  1:27  Cybernetics Core  
  19  1:35  Assimilator  
  19  1:38  Probe (Chrono Boost)  
  20  1:59  Nexus  
  20  2:07  Mothership Core (Chrono Boost)  
  22  2:25  Probe (Chrono Boost)  
  23  2:45  Pylon  
  23  2:49  Pylon  
  23  2:53  Warp Gate (Chrono Boost)  
  23  3:05  Forge  
  23  3:18  Probe x2  
  25  3:29  Gateway  
  25  3:31  Gateway  
  25  3:32  Gateway  
  25  3:42  Photon Cannon  
  25  3:43  Protoss Ground Weapons Level 1 (Chrono Boost)  
  25  3:51  Pylon  
  25  3:57  Twilight Council  
  25  4:05  Probe  
  26  4:10  Photon Cannon  
  26  4:17  Probe  
  27  4:18  Pylon  
  27  4:22  Probe  
  28  4:37  Gateway  
  27  4:48  Stalker x3  
  33  5:00  Stalker  
  35  5:13  Protoss Ground Armor Level 1 (Chrono Boost)  
  35  5:15  Stalker x2  
  39  5:22  Assimilator  
  39  5:28  Blink (Chrono Boost)  
  39  5:32  Probe  
  40  5:36  Gateway  
  40  5:37  Probe  
  40  5:40  Assimilator  
  41  5:45  Stalker, Probe  
  41  5:46  Stalker x2  
  48  5:53  Probe  
  48  5:57  Probe  
  50  6:04  Photon Cannon  
  50  6:05  Probe  
  50  6:09  Pylon  
  51  6:13  Probe, Photon Cannon  
  52  6:22  Stalker  
  52  6:35  Stalker x2  
  52  6:36  Stalker  
  58  6:44  Stalker  
  60  7:01  Protoss Ground Weapons Level 2  
  60  7:02  Stalker x4  
  54  7:54  Pylon  
  54  7:58  Stalker x5  
  58  8:18  Gateway  
  52  8:34  Stalker x2  
  52  8:35  Stalker x4  
  60  9:05  Stalker x6  
  64  9:32  Stalker x5  
  56  9:54  Stalker x2  
  48  10:09  Stalker x5  
  50  10:28  Protoss Ground Armor Level 2  
  32  10:35  Stalker x3  
  32  10:36  Stalker  
  32  10:41  Templar Archives  
  40  11:03  Stalker  
  40  11:04  Stalker x2  
  44  11:24  High Templar x2  
  36  11:26  Zealot x2  
  36  11:28  Archon  
  40  11:35  Zealot x3  
  46  11:52  Charge (Chrono Boost)  
  46  12:07  Nexus  
  40  12:14  High Templar  
  40  12:15  High Templar  
  36  12:16  Zealot  
  36  12:17  Zealot x2  
  36  12:20  Archon  
  42  12:33  High Templar  
  42  12:35  Zealot  
  46  12:39  High Templar  
  48  12:45  Archon  
  48  12:46  Zealot  
  48  12:47  Zealot x2  
  54  13:01  High Templar  
  56  13:08  Pylon  
  56  13:11  Mothership Core  
  58  13:20  Zealot x2  
  62  13:30  High Templar  
  60  13:34  High Templar  
  60  13:35  Zealot x2  
  66  13:42  Assimilator  
  66  13:44  Archon  
  66  14:01  High Templar, Photon Cannon  
  68  14:03  Photon Cannon  
  68  14:05  High Templar  
  70  14:17  Archon  
  70  14:23  High Templar  
  72  14:24  Zealot x2  
  72  14:28  Archon  
  74  14:39  Assimilator  
  74  14:50  High Templar  
  74  14:51  High Templar, Zealot x3  
  84  14:56  Archon  
  84  15:05  Pylon  
  84  15:25  Robotics Facility  
  72  15:55  Protoss Ground Armor Level 3  
  42  16:08  Zealot  
  42  16:09  Zealot x5  
  46  16:13  Gateway  
  46  16:33  High Templar x6  
  58  16:52  Observer (Chrono Boost)  
  59  16:59  Dark Shrine  
  59  17:02  Psionic Storm  
  59  17:09  Observer (Chrono Boost)  
  60  17:17  Zealot x4  
  68  17:25  Zealot x2  
  68  17:27  Observer  
  73  17:48  High Templar  
  73  17:49  High Templar, Zealot x3  
  73  17:50  Zealot  
  85  18:04  Pylon  
  85  18:17  Dark Templar x3  
  91  18:27  Nexus  
  71  19:17  Photon Cannon  
  71  19:19  Assimilator, Photon Cannon  
  71  19:20  Assimilator  
  60  19:50  Archon  
  56  19:58  Zealot x3  
  56  19:59  High Templar x2, Zealot x2  
  70  20:10  Probe  
  70  20:11  Probe x2  
  73  20:22  Gateway  
  73  20:24  Pylon  
  69  20:33  Archon  
Show
View Real Time Build Order
Export as new Build Order

Hindulaatti Zerg - Winner!

Build Orders: Hatch First 

Get SALT Encoding   

  12  0:01  Drone  
  13  0:09  Drone  
  14  0:17  Extractor  
  14  0:18  Drone  
  15  0:39  Hatchery  
  14  0:48  Drone, Extractor x2  
  13  0:52  Drone  
  16  1:04  Spawning Pool  
  15  1:13  Overlord  
  15  1:33  Drone x2  
  15  1:34  Drone  
  15  1:38  Extractor  
  17  1:51  Queen  
  17  1:52  Queen  
  21  2:19  Hatchery  
  21  2:21  Drone  
  21  2:23  Drone  
  21  2:25  Drone  
  23  2:41  Drone x4  
  27  2:45  Drone  
  28  2:57  Roach Warren  
  27  3:01  Overlord, Extractor  
  26  3:09  Drone x2  
  28  3:18  Overlord  
  28  3:20  Drone  
  28  3:21  Drone x4  
  28  3:25  Drone  
  34  3:34  Drone  
  34  3:36  Overlord x2  
  34  3:40  Lair  
  35  3:50  Roach  
  35  3:51  Roach x2  
  35  3:55  Spore Crawler x2  
  39  4:03  Spore Crawler, Roach  
  39  4:04  Roach  
  42  4:10  Queen  
  42  4:15  Roach x2  
  48  4:19  Metabolic Boost  
  48  4:27  Overlord  
  48  4:31  Roach  
  48  4:32  Roach  
  48  4:35  Extractor  
  48  4:37  Evolution Chamber  
  50  4:40  Drone, Evolution Chamber  
  50  4:41  Drone  
  51  4:48  Roach x2  
  55  4:54  Drone x3  
  58  5:00  Drone x2  
  58  5:02  Glial Reconstitution  
  60  5:08  Roach  
  62  5:25  Zerg Ground Armor Level 1, Zerg Missile Weapons Level 1  
  62  5:32  Extractor  
  62  5:34  Drone x2  
  62  5:35  Drone x3, Extractor  
  66  5:36  Drone  
  66  5:37  Overlord x2  
  66  5:55  Ravager x2  
  66  5:56  Ravager  
  69  5:58  Overlord x3  
  69  6:01  Drone x2  
  69  6:02  Drone x2  
  73  6:07  Overseer  
  73  6:10  Drone  
  74  6:19  Ravager x2  
  76  6:26  Drone x4  
  76  6:29  Roach x3  
  76  6:30  Roach x2  
  90  6:38  Zergling x8  
  94  6:56  Roach x2  
  94  6:57  Roach x4  
  94  6:59  Ravager x3  
  94  7:00  Overlord  
  94  7:01  Overlord x2  
  106  7:05  Pneumatized Carapace  
  106  7:12  Overlord x2  
  106  7:13  Overseer  
  106  7:21  Zergling x8  
  83  7:57  Roach  
  83  7:58  Roach x13  
  102  8:20  Zerg Ground Armor Level 2, Zerg Missile Weapons Level 2  
  102  8:26  Roach  
  102  8:27  Roach x6  
  112  8:30  Drone x2  
  114  8:36  Extractor  
  113  8:46  Ravager x2  
  113  8:47  Ravager  
  116  8:54  Drone x2  
  118  8:58  Ravager x5  
  118  9:00  Ravager  
  124  9:28  Roach x8  
  124  9:29  Roach x2  
  127  9:38  Roach  
  127  9:39  Roach x8  
  110  10:00  Infestation Pit  
  100  10:10  Drone x3  
  99  10:21  Zergling x6  
  99  10:22  Hatchery, Zergling x4  
  103  10:30  Roach  
  103  10:31  Roach  
  107  10:36  Queen  
  107  10:39  Burrow, Queen  
  96  10:46  Roach x4  
  96  10:47  Roach x8  
  114  10:55  Roach  
  114  10:56  Roach x2  
  118  11:03  Roach x2  
  119  11:20  Ravager  
  119  11:23  Roach  
  119  11:24  Roach x9  
  130  11:45  Roach x2  
  127  11:52  Roach  
  122  11:56  Roach x7  
  122  11:57  Roach x5  
  122  11:59  Hive  
  144  12:07  Tunneling Claws  
  143  12:22  Roach x10  
  143  12:32  Roach  
  143  12:33  Roach  
  135  12:43  Pathogen Glands  
  121  12:56  Overseer  
  119  13:02  Drone  
  119  13:03  Drone x2  
  122  13:11  Spore Crawler  
  121  13:18  Queen  
  116  13:26  Infestor  
  116  13:27  Infestor x8  
  124  13:39  Spore Crawler x2  
  124  13:40  Drone, Spore Crawler  
  124  13:41  Drone x10  
  132  13:42  Drone  
  132  13:43  Drone x3  
  136  13:48  Infestor  
  136  13:49  Infestor  
  142  14:10  Roach x2  
  142  14:11  Overlord  
  142  14:12  Overlord x2  
  144  14:18  Overlord  
  144  14:19  Overlord  
  144  14:30  Drone x3  
  147  14:49  Extractor  
  147  14:50  Extractor  
  145  15:01  Roach  
  145  15:02  Roach x10  
  145  15:05  Zergling x8  
  167  15:40  Zergling x18  
  96  16:14  Zergling x2  
  96  16:15  Zergling x8, Roach x7  
  96  16:16  Zergling x2, Roach x3  
  121  16:44  Roach  
  121  16:45  Roach x15  
  153  16:59  Adrenal Glands  
  153  17:01  Zerg Missile Weapons Level 3  
  153  17:11  Hatchery  
  152  17:20  Roach x2  
  152  17:21  Roach x4  
  164  17:29  Overseer  
  163  17:30  Overseer  
  169  18:03  Roach x4  
  169  18:11  Spire  
  132  19:16  Drone  
  132  19:17  Drone x2  
  135  19:36  Roach x3  
  135  19:39  Lair  
  135  19:44  Extractor x2  
  127  19:53  Hatchery  
  127  19:59  Roach x4  
  150  20:00  Roach x12  
  156  20:14  Corruptor  
  156  20:15  Corruptor x4  
  166  20:22  Roach  
Tags
 
Add a new tag
Caveats
  • Supply blocks, unpowered buildings, or Contaminate may cause inaccurate times.
  • Supply counts are checked every 10 seconds.